 Dungeon Crawl Stone Soup version 0.29.0-15-g675c0067aa (webtiles) character file.

Game seed: 8374909413926684982

160031 qw the Warrior (level 17, -3/172 HPs)
             Began as a Minotaur Berserker on Sept 11, 2022.
             Was an Elder of Trog.
             Slain by a goliath frog (4 damage)
             ... on level 1 of the Swamp.
             The game lasted 00:13:21 (36020 turns).

qw the Warrior (Minotaur Berserker)                Turns: 36020, Time: 00:13:21

Health: -3/172     AC: 31    Str: 29    XL:     17   Next: 17%
Magic:  14/14      EV: 15    Int:  4    God:    Trog [****..]
Gold:   950        SH: 18    Dex: 11    Spells: 16/16 levels left

rFire   + . .      SeeInvis +   o - +2 broad axe
rCold   + . .      Faith    .   r - +0 tower shield
rNeg    + . .      Spirit   .   y - +1 chain mail {rPois}
rPois   +          Reflect  .   B - +3 crown of Dyrovepreva {rElec Int+2 SInv}
rElec   +          Harm     .   t - scarf {rC+ rF+}
rCorr   .          Rampage  .   n - +2 pair of gloves
Will    +....                   g - +2 pair of boots
Stlth   ..........              j - amulet "Yviog" {Acrobat rN+ Stlth+}
HPRegen 0.38/turn               e - +4 ring of protection
MPRegen 0.14/turn               C - +4 ring of evasion

@: about to teleport, on berserk cooldown, slowed, very slow
A: horns 2, retaliatory headbutt, iridescent scales 1, deterioration 1, dopey 1,
low MP 1
a: Renounce Religion, Berserk, Trog's Hand, Brothers in Arms


You were on level 1 of the Swamp.
You worshipped Trog.
Trog was greatly pleased with you.
You visited 5 branches of the dungeon, and saw 26 of its levels.
You also visited: Ossuary and Gauntlet.

You collected 2698 gold pieces.
You spent 1748 gold pieces at shops.


Innate Abilities, Weirdness & Mutations

You have a pair of horns on your head.
You reflexively headbutt those who attack you in melee.
You are partially covered in iridescent scales. (AC +2)
Your body sometimes deteriorates upon taking damage.
You are dopey. (Int -2)
Your magical capacity is low. (-10% MP)


   Skills:
 - Level 20.7 Fighting
 - Level 18.0 Axes
 - Level 8.7 Throwing
 - Level 16.0 Armour
 - Level 10.0 Dodging
 + Level 15.3 Shields


You had 16 spell levels left.
You didn't know any spells.
Your spell library was empty.

Inventory:

Hand Weapons
 b - a +0 hand axe of flaming
 o - a +2 broad axe (weapon)
Armour
 g - a +2 pair of boots (worn)
 m - a +2 chain mail of cold resistance
 n - a +2 pair of gloves (worn)
 q - a +0 plate armour
 r - a +0 tower shield (worn)
 t - a scarf of resistance (worn)
 y - a +1 chain mail of poison resistance (worn)
 z - a +2 cloak of poison resistance
 B - the +3 crown of Dyrovepreva (worn) {rElec Int+2 SInv}
   (You bought it in a shop on level 2 of the Orcish Mines)

   Int:       It affects your intelligence (+2).
   rElec:     It insulates you from electricity.
   SInv:      It lets you see invisible.
Jewellery
 a - an amulet of regeneration
 e - a +4 ring of protection (left hand)
 j - the amulet "Yviog" (around neck) {Acrobat rN+ Stlth+}
   (You acquired it on level 3 of the Lair of Beasts)

   [amulet of the acrobat]

   It increases your evasion while moving and waiting.
   rN:        It protects you from negative energy.
   Stlth:     It makes you more stealthy.
 u - the ring of Peomimy {Fire Int+4}
   (You found it on level 5 of the Lair of Beasts)

   [ring of fire]

   It enhances your fire magic.
   Int:       It affects your intelligence (+4).
   rF:        It protects you from fire.
   rC:        It makes you vulnerable to cold.
 w - a ring of fire
 C - a +4 ring of evasion (right hand)
Scrolls
 f - 9 scrolls of teleportation
 k - 14 scrolls of identify
 s - 3 scrolls of enchant armour
Potions
 d - 3 potions of cancellation
 h - 5 potions of might
 i - 4 potions of haste
 l - 3 potions of curing
 v - 6 potions of mutation
 A - a potion of resistance

Dungeon Overview and Level Annotations

Branches:
Dungeon (15/15)            Temple (0/1) D:7            Lair (5/5) D:9
  Swamp (1/4) Lair:3       Spider (3/4) Lair:2        Slime (0/5) Lair:4
    Orc (2/2) D:10            Elf (0/3) Orc:2        Vaults (0/5) D:14
 Depths (0/4) D:15        Ossuary (visited)         Gauntlet (visited)

Altars:
Ashenzari
Cheibriados
Kikubaaqudgha
Makhleb
Okawaru
Ru
Sif Muna
Trog
Uskayaw
Vehumet
Wu Jian
Xom
Zin
Jiyva

Shops:
D:1 (   D:3 (   D:12 *   Orc:2 *[([**

Portals:
Hell: Lair:5
Trove: D:15 (give +4 shadow dragon scales)

Annotations:
D:3 1 runed translucent door, Crazy Yiuf
Lair:2 1 runed translucent door
Lair:3 3 runed translucent doors, qw's ghost, journeyman GrFi
Lair:4 1 runed translucent door


Message History

You miss the goliath frog. The goliath frog closely misses you.
You block the goliath frog's attack. x2
The goliath frog hits you.
You are splashed with acid!
The goliath frog closely misses you. You block the goliath frog's attack.
You closely miss the goliath frog. Your headbutt misses the goliath frog.
You miss the spriggan druid. The goliath frog hits you.
You are splashed with acid.
The spriggan druid calls out to the beasts of the wild!
A swamp worm comes into view.
The goliath frog hits you but does no damage.
You block the goliath frog's attack.
The spriggan druid hits you but does no damage.
The goliath frog hits you but does no damage.
Your unstable footing causes you to fumble your attack.
You are no longer corroded.
The goliath frog barely misses you.
A bunyip comes into view.
The goliath frog hits you but does no damage.
A goliath frog comes into view.
You block the goliath frog's attack. The goliath frog hits you from afar.
You are splashed with acid!
The goliath frog completely misses you.
The spriggan druid hits you with a +0 quarterstaff.
36019 ||| READING 10 scrolls of teleportation.
As you read the scroll of teleportation, it crumbles to dust.
You feel strangely unstable. The goliath frog hits you.
You are splashed with acid!
The goliath frog barely misses you. The goliath frog misses you.
The spriggan druid points at you and mumbles some strange words.
The stone arrow hits you.
The bunyip howls a warning cry!
The goliath frog hits you!
You are splashed with acid!
You block the goliath frog's attack. x2; The goliath frog barely misses you.
You hear a deafening roar!
You hit the goliath frog. Your headbutt misses the goliath frog.
The goliath frog is lightly wounded.
You closely miss the spriggan druid. You block the spriggan druid's attack.
The goliath frog barely misses you. You furiously retaliate!
You headbutt the goliath frog. You block the goliath frog's attack.
The goliath frog hits you from afar.
You die... 7

~7~~.7 .7~¤~~
7777777(..~~
7777777.~~~..?!~7 .
77.77~~.¤~.....w~7~. 7
77.~...~~.~....F¤.~~.
7777.~~.~~7~.....F~~..~.
.7...777~¤~.7.F%@i~~~~..
..~.~~7~.777777.~~¤¤~...
....~..~77 7¤F..~...#
...~~.~77 ..¤¤.~..#.
......~7 7.x~~.¤..#
./.~..77 .~!~......#
.)7~.77 7.~.~...$.#.
~/...7 ......~....
~.~.77 7...!~.~...#


You could see a bunyip (catching breath), a spriggan druid, 4 goliath frogs and
a swamp worm.

Vanquished Creatures
  Mara (Spider:3)
  Arachne (Spider:3)
  Gastronok (Lair:1)
  Aizul (Spider:3)
  2 emperor scorpions
  A ghost moth (Spider:2)
  2 orc warlords (Orc:2)
  Louise (Spider:2)
  An eleionoma (Swamp:1)
  A dire elephant (Lair:5)
  2 spark wasps
  A minotaur (Gauntlet)
  Snorg (Lair:3)
  A yaktaur captain (D:15)
  13 hydras
  12 boulder beetles
  9 vault guards
  3 ogre magi (Orc:2)
  2 catoblepae
  13 two-headed ogres
  2 centaur warriors (D:13)
  Erica (Lair:2)
  A death knight (D:13)
  5 alligators (Swamp:1)
  A death scarab (Spider:3)
  3 death yaks (Lair:4)
  Urug (Orc:2)
  2 tengu warriors
  An orc high priest (Orc:2)
  A sixfirhy (Lair:5)
  Amaemon (D:8)
  4 steelbarb worms
  A sun moth (Spider:2)
  5 pharaoh ants
  A swamp dragon (Swamp:1)
  3 orb spiders
  Pikel (D:4)
  2 wizards
  A necromancer (D:15)
  An orc knight (Orc:2)
  A deep elf pyromancer (D:11)
  5 manticores
  5 wolf spiders
  4 cyclopes
  6 orc sorcerers
  An oklob plant (Lair:4)
  7 black mambas
  15 elephants
  Maurice (D:8)
  A guardian serpent (shapeshifter) (D:14)
  3 gargoyles
  A smoke demon (Lair:5)
  A naga mage (D:15)
  5 torpor snails
  11 cane toads
  2 centaur skeletons (D:15)
  2 unseen horrors
  2 orange demons
  8 rime drakes
  An efreet (D:13)
  12 komodo dragons
  3 demonic crawlers
  8 trolls
  2 ice devils (Lair:5)
  2 tengu conjurers
  3 meliai (D:14)
  3 red devils (Lair:5)
  2 polar bears
  2 tyrant leeches (Lair:3)
  25 tarantellas
  12 blink frogs
  Grinder (D:5)
  18 slime creatures
  5 dream sheep (Lair:5)
  9 flying skulls (Gauntlet)
  22 jumping spiders
  A shadow (D:10)
  16 culicivoras
  Sigmund (D:4)
  7 wyverns
  3 wraiths (D:11)
  44 yaks
  51 redbacks
  Eustachio (D:4)
  2 basilisks
  A steam dragon (D:10)
  7 wargs
  9 swamp worms
  3 acid dragons
  3 hell hounds (Lair:5)
  22 water moccasins
  20 orc warriors
  3 black bears
  A sky beast (D:6)
  An ice beast (D:7)
  24 ogres
  6 centaurs
  20 wolves
  5 boggarts (D:14)
  3 lemures (D:4)
  A phantom (D:5)
  8 bullfrogs
  2 gnoll sergeants
  2 necrophages
  A water moccasin zombie (D:5)
  2 scorpions
  A water moccasin skeleton (D:5)
  3 wights (D:7)
  7 howler monkeys
  An electric eel (D:10)
  A centaur zombie (Ossuary)
  A human zombie (Ossuary)
  5 jellies
  19 orc priests
  2 hounds
  Ijyb (D:3)
  A scorpion zombie (D:5)
  Terence (D:3)
  5 iguanas
  32 orc wizards
  5 hell rats (Lair:1)
  A boggart skeleton (D:15)
  A hound skeleton (D:5)
  2 mummies (Ossuary)
  16 gnolls
  12 adders
  A howler monkey skeleton (D:5)
  A white imp (D:7)
  An ufetubus (D:7)
  2 adder zombies
  2 worms
  A dart slug (D:2)
  73 orcs
  12 ball pythons
  4 bats
  6 endoplasms
  A giant cockroach (D:1)
  4 goblins
  11 hobgoblins
  3 jackals (D:1)
  9 kobolds
  6 quokkas
  2 frilled lizards (D:3)
  2 goblin zombies (Ossuary)
  6 hobgoblin zombies (Ossuary)
  A jackal zombie (Ossuary)
  14 kobold zombies (Ossuary)
  9 orc zombies (Ossuary)
  7 rats
  2 rat zombies (Ossuary)
885 creatures vanquished.

Vanquished Creatures (collateral kills)
  3 hydras
  A death scarab (Spider:3)
  2 two-headed ogres (Orc:2)
  2 orb spiders (Spider:1)
  A wolf spider (Spider:1)
  2 elephants (Lair:1)
  A cane toad (Lair:5)
  A komodo dragon (D:12)
  2 tarantellas
  A slime creature (D:12)
  A jumping spider (Spider:1)
  4 yaks (Lair:1)
  3 redbacks (Spider:1)
  An ogre (Orc:2)
25 creatures vanquished.

Vanquished Creatures (others)
  An angel (D:8)
  Erolcha (Orc:2)
  An ogre mage (Orc:2)
  A warg (Orc:2)
  4 orc warriors (Orc:2)
  4 ogres (Orc:2)
  2 gnolls (Orc:2)
  4 orcs (Orc:2)
  26 fungi
  121 plants
  6 toadstools (Lair:2)
  4 withered plants (Gauntlet)
175 creatures vanquished.

Grand Total: 1085 creatures vanquished

Notes
Turn   | Place    | Note
-------+----------+-------------------------------------------
     0 | D:1      | qw the Minotaur Berserker began the quest for the Orb.
     0 | D:1      | Reached XP level 1. HP: 19/19 MP: 0/0
     0 | D:1      | Noticed a tentacled monstrosity
     0 | D:1      | 0 ||| qw: Version: 0.1-a-119-g272c26d
     0 | D:1      | 0 ||| qw: Game counter: 10721
     0 | D:1      | 0 ||| qw: Always use a shield: true
     0 | D:1      | 0 ||| qw: Do Orc after D:15 true
     0 | D:1      | 0 ||| qw: Do second Lair branch before Depths: true
     0 | D:1      | 0 ||| qw: Lair rune preference: random
     0 | D:1      | 0 ||| qw: Plans: Normal
     0 | D:1      | 0 ||| PLANNING D:1-11
     1 | D:1      | Noticed an orb of fire
     2 | D:1      | Noticed an ice dragon
     4 | D:1      | Noticed a shadow dragon
     4 | D:1      | Noticed a shadow dragon
     6 | D:1      | Noticed a large abomination
     7 | D:1      | Noticed an ice dragon
     8 | D:1      | Noticed a large abomination
     9 | D:1      | Noticed a large abomination
    11 | D:1      | Noticed a shadow dragon
    11 | D:1      | Noticed a shadow dragon
    13 | D:1      | Noticed a red draconian
    13 | D:1      | Noticed a shadow dragon
    15 | D:1      | Noticed a tentacled monstrosity
    15 | D:1      | Noticed a red draconian
    17 | D:1      | Noticed an iron dragon
   407 | D:1      | Found Qeodgh's Weapon Boutique.
   408 | D:1      | 408 ||| Stepping ~*~*~tactically~*~*~ (stealth).
   418 | D:1      | Reached XP level 2. HP: 26/26 MP: 1/1
   423 | D:1      | 423 ||| BUYING +0 club (14 gold).
   423 | D:1      | Bought a +0 club for 14 gold pieces
   423 | D:1      | 423 ||| SHOPLISTING +0 mace (42 gold, have 9).
   423 | D:1      | 423 ||| SHOPLISTING +3 hand axe of Insufficient Pleasure
                  | {vorpal, Int+4 Dex+3 Stlth-} (557 gold, have 9).
   562 | D:1      | 562 ||| DROPPING +0 club.
   566 | D:1      | 566 ||| Stepping ~*~*~tactically~*~*~ (stealth).
   801 | D:1      | Reached XP level 3. HP: 31/31 MP: 2/2
   907 | D:1      | 907 ||| READING scroll labelled KAFUTE LUINETH.
   908 | D:1      | 908 ||| READING scroll labelled IGGIRE VOXUYG.
  1009 | D:1      | 1009 ||| READING scroll labelled IDIHOXASING.
  1010 | D:1      | 1010 ||| READING scroll labelled NIKAG ACECS.
  1011 | D:1      | 1011 ||| READING 2 scrolls labelled WIUTIO PYDOESILI.
  1016 | D:1      | 1016 ||| READING scroll labelled FAETWANIEN.
  1017 | D:1      | 1017 ||| READING scroll labelled UTOOLA VEPN.
  1018 | D:1      | 1018 ||| DROPPING +0 mace.
  1019 | D:1      | 1019 ||| DRINKING 2 coppery potions.
  1020 | D:1      | 1020 ||| READING scroll of teleportation.
  1173 | D:2      | Found a faded altar of an unknown god.
  1187 | D:2      | 1187 ||| INVOKING Berserk.
  1193 | D:2      | HP: 6/31 [poisoned by an adder]
  1445 | D:2      | 1445 ||| INVOKING Berserk.
  1554 | D:2      | 1554 ||| Stepping ~*~*~tactically~*~*~ (stealth).
  1558 | D:2      | 1558 ||| Stepping ~*~*~tactically~*~*~ (stealth).
  1615 | D:2      | 1615 ||| Stepping ~*~*~tactically~*~*~ (stealth).
  1631 | D:2      | Found an ancient bone altar of Kikubaaqudgha.
  1638 | D:2      | Reached skill level 6 in Axes
  1638 | D:2      | Reached XP level 4. HP: 31/39 MP: 3/3
  2247 | D:2      | 2247 ||| Stepping ~*~*~tactically~*~*~ (stealth).
  2411 | D:2      | 2411 ||| UPGRADING to +0 pair of boots.
  2416 | D:2      | 2416 ||| UPGRADING to +4 ring of protection.
  2417 | D:2      | 2417 ||| READING scroll labelled RENORCHE IKHLICO.
  2443 | D:3      | Noticed Terence
  2444 | D:3      | 2444 ||| Stepping ~*~*~tactically~*~*~ (stealth).
  2446 | D:3      | 2446 ||| Stepping ~*~*~tactically~*~*~ (stealth).
  2447 | D:3      | 2447 ||| INVOKING Berserk.
  2451 | D:3      | Killed Terence
  2590 | D:3      | Found a runed translucent door.
  2591 | D:3      | Noticed Crazy Yiuf
  2675 | D:3      | Reached ** piety under Trog
  2680 | D:3      | 2680 ||| Stepping ~*~*~tactically~*~*~ (stealth).
  2809 | D:3      | Reached XP level 5. HP: 45/45 MP: 4/4
  2820 | D:3      | Found Jecyngee's Antique Weapon Shop.
  2830 | D:3      | 2830 ||| BUYING war axe (70 gold).
  2830 | D:3      | Bought a war axe for 70 gold pieces
  2830 | D:3      | 2830 ||| SWAPPING to +0 war axe.
  2967 | D:3      | Found a snail-covered altar of Cheibriados.
  2984 | D:3      | Found a radiant altar of Vehumet.
  3026 | D:3      | Noticed Ijyb
  3029 | D:3      | 3029 ||| INVOKING Berserk.
  3033 | D:3      | Reached skill level 4 in Fighting
  3036 | D:3      | Killed Ijyb
  3041 | D:3      | 3041 ||| DRINKING 3 potions of curing.
  3041 | D:3      | 3041 ||| (to cure confusion)
  3042 | D:3      | 3042 ||| DRINKING 2 potions of curing.
  3042 | D:3      | 3042 ||| (to cure confusion)
  3044 | D:3      | 3044 ||| FLEEEEING.
  3045 | D:3      | 3045 ||| FLEEEEING.
  3046 | D:3      | 3046 ||| FLEEEEING.
  3047 | D:3      | 3047 ||| FLEEEEING.
  3048 | D:3      | 3048 ||| FLEEEEING.
  3049 | D:3      | 3049 ||| FLEEEEING.
  3050 | D:3      | 3050 ||| FLEEEEING.
  3051 | D:3      | 3051 ||| FLEEEEING.
  3054 | D:3      | 3054 ||| FLEEEEING.
  3055 | D:3      | 3055 ||| FLEEEEING.
  3056 | D:3      | 3056 ||| FLEEEEING.
  3057 | D:3      | 3057 ||| FLEEEEING.
  3058 | D:3      | 3058 ||| FLEEEEING.
  3059 | D:3      | 3059 ||| FLEEEEING.
  3060 | D:3      | 3060 ||| FLEEEEING.
  3061 | D:3      | 3061 ||| FLEEEEING.
  3062 | D:3      | 3062 ||| STAIRDANCE
  3164 | D:2      | 3164 ||| UPGRADING to +0 chain mail.
  3174 | D:2      | 3174 ||| DROPPING +0 animal skin.
  3175 | D:2      | 3175 ||| DRINKING 2 silvery potions.
  3378 | D:4      | Noticed an ogre
  3380 | D:4      | 3380 ||| INVOKING Berserk.
  3383 | D:4      | Killed an ogre
  3384 | D:4      | Reached XP level 6. HP: 52/52 MP: 5/5
  3519 | D:4      | 3519 ||| Stepping ~*~*~tactically~*~*~ (stealth).
  3549 | D:4      | 3549 ||| Stepping ~*~*~tactically~*~*~ (hiding).
  3555 | D:4      | 3555 ||| INVOKING Berserk.
  3574 | D:4      | 3574 ||| Stepping ~*~*~tactically~*~*~ (stealth).
  3575 | D:4      | 3575 ||| Stepping ~*~*~tactically~*~*~ (stealth).
  3578 | D:4      | 3578 ||| Stepping ~*~*~tactically~*~*~ (stealth).
  3579 | D:4      | 3579 ||| Stepping ~*~*~tactically~*~*~ (stealth).
  3683 | D:4      | 3683 ||| Stepping ~*~*~tactically~*~*~ (stealth).
  3689 | D:4      | 3689 ||| INVOKING Berserk.
  3741 | D:4      | Found an ancient bone altar of Kikubaaqudgha.
  3748 | D:4      | 3748 ||| Stepping ~*~*~tactically~*~*~ (stealth).
  3812 | D:4      | 3812 ||| INVOKING Berserk.
  3825 | D:4      | 3825 ||| Stepping ~*~*~tactically~*~*~ (stealth).
  3959 | D:4      | 3959 ||| Stepping ~*~*~tactically~*~*~ (stealth).
  3967 | D:4      | 3967 ||| Stepping ~*~*~tactically~*~*~ (stealth).
  3968 | D:4      | 3968 ||| Stepping ~*~*~tactically~*~*~ (stealth).
  3974 | D:4      | Noticed Pikel
  3979 | D:4      | 3979 ||| INVOKING Berserk.
  3987 | D:4      | Killed Pikel
  3988 | D:4      | Reached XP level 7. HP: 59/59 MP: 6/6
  4004 | D:4      | 4004 ||| Stepping ~*~*~tactically~*~*~ (stealth).
  4005 | D:4      | 4005 ||| Stepping ~*~*~tactically~*~*~ (stealth).
  4008 | D:4      | 4008 ||| Stepping ~*~*~tactically~*~*~ (stealth).
  4010 | D:4      | 4010 ||| Stepping ~*~*~tactically~*~*~ (stealth).
  4011 | D:4      | 4011 ||| Stepping ~*~*~tactically~*~*~ (stealth).
  4021 | D:4      | 4021 ||| Stepping ~*~*~tactically~*~*~ (stealth).
  4141 | D:4      | Noticed Sigmund
  4142 | D:4      | 4142 ||| Stepping ~*~*~tactically~*~*~ (hiding).
  4146 | D:4      | 4146 ||| INVOKING Berserk.
  4154 | D:4      | 4154 ||| DRINKING 2 potions of curing.
  4154 | D:4      | 4154 ||| (to cure confusion)
  4162 | D:4      | Killed Sigmund
  4163 | D:4      | Reached XP level 8. HP: 61/66 MP: 7/7
  4372 | D:4      | Found a bloodstained altar of Trog.
  4455 | D:4      | 4455 ||| Stepping ~*~*~tactically~*~*~ (hiding).
  4586 | D:4      | 4586 ||| READING scroll labelled IRI BISTRILUSO.
  4587 | D:4      | 4587 ||| READING scroll labelled IBOATSOXEDGH.
  4588 | D:4      | 4588 ||| READING scroll labelled JICIAF COLUO.
  4592 | D:5      | Entered Level 5 of the Dungeon
  4595 | D:5      | Noticed Grinder
  4598 | D:5      | 4598 ||| INVOKING Trog's Hand.
  4603 | D:5      | 4603 ||| INVOKING Berserk.
  4606 | D:5      | Reached skill level 5 in Fighting
  4610 | D:5      | Killed Grinder
  4611 | D:5      | Reached skill level 6 in Fighting
  4628 | D:5      | 4628 ||| FLEEEEING.
  4629 | D:5      | 4629 ||| FLEEEEING.
  4630 | D:5      | 4630 ||| FLEEEEING.
  4631 | D:5      | 4631 ||| FLEEEEING.
  4632 | D:5      | 4632 ||| FLEEEEING.
  4633 | D:5      | 4633 ||| FLEEEEING.
  4637 | D:5      | Reached *** piety under Trog
  4642 | D:5      | Reached skill level 12 in Axes
  4643 | D:5      | 4643 ||| STAIRDANCE
  4644 | D:4      | Noticed Eustachio
  4646 | D:4      | 4646 ||| Stepping ~*~*~tactically~*~*~ (hiding).
  4647 | D:4      | 4647 ||| FLEEEEING.
  4648 | D:4      | 4648 ||| Stepping ~*~*~tactically~*~*~ (hiding).
  4649 | D:4      | 4649 ||| FLEEEEING.
  4655 | D:4      | 4655 ||| FLEEEEING.
  4657 | D:4      | 4657 ||| INVOKING Berserk.
  4683 | D:4      | Killed Eustachio
  4684 | D:4      | Reached skill level 7 in Fighting
  4799 | D:4      | 4799 ||| UPGRADING to +6 ring of intelligence.
  4880 | D:5      | Found a hide-covered altar of Uskayaw.
  4898 | D:5      | Reached skill level 1 in Throwing
  5009 | D:5      | 5009 ||| Stepping ~*~*~tactically~*~*~ (hiding).
  5019 | D:5      | 5019 ||| INVOKING Berserk.
  5024 | D:5      | Reached XP level 9. HP: 79/79 MP: 8/8
  5073 | D:5      | 5073 ||| Stepping ~*~*~tactically~*~*~ (stealth).
  5075 | D:5      | 5075 ||| Stepping ~*~*~tactically~*~*~ (stealth).
  5329 | D:5      | 5329 ||| UPGRADING to +0 buckler.
  5334 | D:5      | 5334 ||| UPGRADING to +0 plate armour.
  5344 | D:5      | 5344 ||| DROPPING +0 chain mail.
  5345 | D:5      | 5345 ||| UPGRADING to amulet of guardian spirit.
  5350 | D:5      | 5350 ||| DRINKING 2 blue potions.
  5350 | D:5      | Gained mutation: You sometimes lose your temper in combat.
                  | [potion of mutation]
  5350 | D:5      | Gained mutation: You are robust. (+10% HP) [potion of
                  | mutation]
  5350 | D:5      | Gained mutation: Your flesh is cold resistant. (rC+)
                  | [potion of mutation]
  5378 | D:5      | 5378 ||| DRINKING potion of mutation.
  5378 | D:5      | Lost mutation: Your flesh is cold resistant. (rC+) [potion
                  | of mutation]
  5378 | D:5      | Lost mutation: You are robust. (+10% HP) [potion of
                  | mutation]
  5378 | D:5      | Lost mutation: You sometimes lose your temper in combat.
                  | [potion of mutation]
  5378 | D:5      | Gained mutation: You sometimes lose your temper in combat.
                  | [potion of mutation]
  5378 | D:5      | Gained mutation: You are frail. (-10% HP) [potion of
                  | mutation]
  5378 | D:5      | Gained mutation: Your body sometimes deteriorates upon
                  | taking damage. [potion of mutation]
  5378 | D:5      | Gained mutation: Your flesh is heat resistant. (rF+)
                  | [potion of mutation]
  5417 | D:6      | 5417 ||| READING scroll of brand weapon.
  5417 | D:6      | 5417 ||| BRANDING +0 war axe.
  5442 | D:6      | 5442 ||| INVOKING Berserk.
  5445 | D:6      | Reached skill level 1 in Shields
  5458 | D:6      | 5458 ||| FLEEEEING.
  5459 | D:6      | 5459 ||| FLEEEEING.
  5460 | D:6      | 5460 ||| FLEEEEING.
  5461 | D:6      | 5461 ||| FLEEEEING.
  5464 | D:6      | 5464 ||| FLEEEEING.
  5465 | D:6      | 5465 ||| FLEEEEING.
  5466 | D:6      | 5466 ||| FLEEEEING.
  5467 | D:6      | 5467 ||| FLEEEEING.
  5468 | D:6      | 5468 ||| STAIRDANCE
  5573 | D:6      | 5573 ||| INVOKING Berserk.
  5593 | D:6      | 5593 ||| STAIRDANCE
  5712 | D:6      | Reached skill level 3 in Shields
  5750 | D:6      | You fall into a shaft and drop 3 floors!
  5763 | D:8      | 5763 ||| INVOKING Berserk.
  5805 | D:8      | Killed an unseen horror
  5806 | D:8      | Reached skill level 6 in Armour
  5946 | D:8      | Found an iron altar of Okawaru.
  5949 | D:8      | Noticed an orange demon
  5950 | D:8      | Noticed Amaemon
  5951 | D:8      | Noticed Maurice
  5953 | D:8      | 5953 ||| INVOKING Berserk.
  5961 | D:8      | Killed Amaemon
  5962 | D:8      | Reached skill level 6 in Shields
  5963 | D:8      | Killed Maurice
  5966 | D:8      | Killed an orange demon
  5967 | D:8      | Reached XP level 10. HP: 63/79 MP: 7/9
  6152 | D:8      | 6152 ||| UPGRADING to +0 cloak.
  6157 | D:8      | 6157 ||| READING 2 scrolls of identify.
  6157 | D:8      | 6157 ||| IDENTIFYING lumpy orange potion
  6245 | D:7      | 6245 ||| PLANNING OSSUARY
  6263 | D:7      | Found a staircase to the Ecumenical Temple.
  6287 | D:7      | 6287 ||| Stepping ~*~*~tactically~*~*~ (hiding).
  6296 | D:7      | 6296 ||| INVOKING Berserk.
  6419 | D:7      | Found a broken altar of Ashenzari.
  6435 | D:7      | Reached skill level 8 in Fighting
  6485 | D:7      | 6485 ||| Stepping ~*~*~tactically~*~*~ (stealth).
  6717 | D:7      | Found a sand-covered staircase.
  6718 | D:7      | 6718 ||| DRINKING 2 puce potions.
  6719 | D:7      | 6719 ||| READING 2 scrolls of identify.
  6719 | D:7      | 6719 ||| IDENTIFYING fuming clear potion
  6720 | D:7      | 6720 ||| DROPPING potion of degeneration.
  6726 | Ossuary  | Entered an ossuary
  6733 | Ossuary  | 6733 ||| Stepping ~*~*~tactically~*~*~ (stealth).
  6763 | Ossuary  | Reached **** piety under Trog
  6937 | Ossuary  | 6937 ||| DRINKING 2 potions of mutation.
  6937 | Ossuary  | Lost mutation: You are frail. (-10% HP) [potion of
                  | mutation]
  6937 | Ossuary  | Lost mutation: You sometimes lose your temper in combat.
                  | [potion of mutation]
  6937 | Ossuary  | Lost mutation: Your flesh is heat resistant. (rF+) [potion
                  | of mutation]
  6937 | Ossuary  | Gained mutation: Your magical capacity is low. (-10% MP)
                  | [potion of mutation]
  6937 | Ossuary  | Gained mutation: You are partially covered in iridescent
                  | scales. (AC +2) [potion of mutation]
  7045 | Ossuary  | 7045 ||| READING scroll of enchant armour.
  7045 | Ossuary  | 7045 ||| ENCHANTING +0 pair of boots.
  7076 | Ossuary  | 7076 ||| Stepping ~*~*~tactically~*~*~ (stealth).
  7097 | Ossuary  | 7097 ||| READING scroll labelled LOGEZI GOFUH.
  7098 | Ossuary  | 7098 ||| DRINKING 2 emerald potions.
  7112 | D:7      | 7112 ||| PLANNING D:1-11
  7205 | D:6      | 7205 ||| INVOKING Berserk.
  7394 | D:6      | 7394 ||| Stepping ~*~*~tactically~*~*~ (stealth).
  7580 | D:6      | Found an ornate altar of the Wu Jian Council.
  7657 | D:6      | 7657 ||| READING scroll labelled TULACL JYINK.
  7658 | D:6      | 7658 ||| READING scroll labelled ATHELA TEEZA.
  7835 | D:7      | 7835 ||| READING scroll labelled LAUCVO HITTO.
  7836 | D:7      | 7836 ||| READING 2 scrolls of identify.
  7836 | D:7      | 7836 ||| IDENTIFYING bubbling clear potion
  7837 | D:7      | 7837 ||| DROPPING potion of brilliance.
  7890 | D:8      | Found a sacrificial altar of Ru.
  7905 | D:8      | 7905 ||| Stepping ~*~*~tactically~*~*~ (hiding).
  7942 | D:8      | Found a shimmering blue altar of Sif Muna.
  8055 | D:8      | 8055 ||| Stepping ~*~*~tactically~*~*~ (stealth).
  8059 | D:8      | 8059 ||| Stepping ~*~*~tactically~*~*~ (stealth).
  8104 | D:8      | 8104 ||| INVOKING Berserk.
  8112 | D:8      | 8112 ||| DRINKING 5 potions of curing.
  8112 | D:8      | 8112 ||| (to cure confusion)
  8122 | D:8      | Reached skill level 15 in Axes
  8189 | D:8      | Noticed an angel
  8192 | D:8      | Found a shimmering altar of Xom.
  8193 | D:8      | Found a glowing silver altar of Zin.
  8244 | D:8      | Killed an angel
  8334 | D:8      | 8334 ||| READING 2 scrolls of identify.
  8334 | D:8      | 8334 ||| IDENTIFYING bubbling golden potion
  8335 | D:8      | 8335 ||| DROPPING potion of ambrosia.
  8364 | D:9      | 8364 ||| Stepping ~*~*~tactically~*~*~ (stealth).
  8371 | D:9      | 8371 ||| Stepping ~*~*~tactically~*~*~ (stealth).
  8372 | D:9      | 8372 ||| INVOKING Berserk.
  8534 | D:9      | 8534 ||| Stepping ~*~*~tactically~*~*~ (hiding).
  8541 | D:9      | Found a staircase to the Lair.
  8547 | D:9      | 8547 ||| INVOKING Berserk.
  8557 | D:9      | Reached skill level 9 in Fighting
  8565 | D:9      | 8565 ||| Stepping ~*~*~tactically~*~*~ (stealth).
  8587 | D:9      | Reached skill level 3 in Dodging
  8594 | D:9      | 8594 ||| FLEEEEING.
  8595 | D:9      | 8595 ||| FLEEEEING.
  8596 | D:9      | 8596 ||| FLEEEEING.
  8597 | D:9      | 8597 ||| FLEEEEING.
  8598 | D:9      | 8598 ||| FLEEEEING.
  8599 | D:9      | 8599 ||| FLEEEEING.
  8647 | D:9      | 8647 ||| Stepping ~*~*~tactically~*~*~ (stealth).
  8648 | D:9      | 8648 ||| Stepping ~*~*~tactically~*~*~ (stealth).
  8690 | D:9      | Noticed a two-headed ogre
  8691 | D:9      | 8691 ||| Stepping ~*~*~tactically~*~*~ (stealth).
  8693 | D:9      | 8693 ||| Stepping ~*~*~tactically~*~*~ (stealth).
  8696 | D:9      | 8696 ||| Stepping ~*~*~tactically~*~*~ (stealth).
  8697 | D:9      | 8697 ||| INVOKING Berserk.
  8701 | D:9      | Killed a two-headed ogre
  8766 | D:9      | 8766 ||| Stepping ~*~*~tactically~*~*~ (stealth).
  8779 | D:9      | 8779 ||| DRINKING 4 potions of curing.
  8779 | D:9      | 8779 ||| (to cure confusion)
  8785 | D:9      | 8785 ||| READING 2 scrolls of enchant armour.
  8785 | D:9      | 8785 ||| ENCHANTING +1 pair of boots.
  8786 | D:9      | 8786 ||| READING scroll of enchant armour.
  8786 | D:9      | 8786 ||| ENCHANTING +0 cloak.
  8858 | D:9      | 8858 ||| INVOKING Berserk.
  9425 | D:9      | 9425 ||| PLANNING LAIR
  9425 | D:9      | 9425 ||| UPGRADING to +2 cloak.
  9435 | D:9      | 9435 ||| DROPPING +1 cloak.
  9436 | D:9      | 9436 ||| DRINKING 2 gluggy clear potions.
  9437 | D:9      | 9437 ||| DROPPING potion of flight.
  9479 | Lair:1   | Entered Level 1 of the Lair of Beasts
  9479 | Lair:1   | Found a gate leading to a gauntlet.
  9480 | Lair:1   | 9480 ||| PLANNING GAUNTLET
  9481 | Lair:1   | 9481 ||| Stepping ~*~*~tactically~*~*~ (stealth).
  9487 | Lair:1   | Reached XP level 11. HP: 97/97 MP: 8/8
  9553 | Gauntlet | Entered a Gauntlet
  9553 | Gauntlet | Found a transporter.
  9560 | Gauntlet | Found a transporter.
  9562 | Gauntlet | Found a transporter.
  9575 | Gauntlet | Found a transporter.
  9576 | Gauntlet | Found a transporter.
  9586 | Gauntlet | Found a transporter.
  9600 | Gauntlet | Noticed a necromancer
  9601 | Gauntlet | Noticed a death yak
  9601 | Gauntlet | Noticed a death yak
  9602 | Gauntlet | Noticed a death yak
  9602 | Gauntlet | Noticed a death yak
  9603 | Gauntlet | Found a transporter.
  9616 | Gauntlet | Found a transporter.
  9616 | Gauntlet | Noticed a hell beast
  9627 | Gauntlet | Found a transporter.
  9642 | Gauntlet | Found a transporter.
  9654 | Gauntlet | Found a runed translucent gate.
  9655 | Gauntlet | Found a runed translucent gate.
  9655 | Gauntlet | Found a transporter.
  9655 | Gauntlet | Found a transporter.
  9659 | Gauntlet | Noticed a catoblepas
  9701 | Gauntlet | Found a transporter.
  9718 | Gauntlet | Found a transporter.
  9723 | Gauntlet | Noticed a fire dragon
  9733 | Gauntlet | Noticed a goliath frog
  9733 | Gauntlet | a fire dragon changed into a goliath frog
  9785 | Gauntlet | Found a runed translucent gate.
  9803 | Gauntlet | 9803 ||| INVOKING Berserk.
  9934 | Gauntlet | 9934 ||| UPGRADING to scarf of resistance.
  9966 | Gauntlet | 9966 ||| INVOKING Berserk.
  9973 | Gauntlet | Killed a catoblepas
 10073 | Gauntlet | 10073 ||| DROPPING scarf of repulsion.
 10100 | Gauntlet | 10100 ||| INVOKING Berserk.
 10102 | Gauntlet | Reached skill level 10 in Fighting
 10156 | Gauntlet | 10156 ||| INVOKING Berserk.
 10340 | Gauntlet | 10340 ||| UPGRADING to +6 ring of strength.
 10342 | Gauntlet | 10342 ||| DROPPING ring of positive energy.
 10343 | Gauntlet | 10343 ||| DROPPING +6 ring of intelligence.
 10417 | Gauntlet | Noticed a minotaur
 10419 | Gauntlet | 10419 ||| INVOKING Berserk.
 10425 | Gauntlet | Killed a minotaur
 10577 | Gauntlet | 10577 ||| DROPPING +1 war axe of venom.
 10629 | Gauntlet | 10629 ||| UPGRADING to +1 chain mail of poison resistance.
 10639 | Gauntlet | 10639 ||| DROPPING ring of flight.
 10640 | Gauntlet | 10640 ||| READING 2 scrolls of identify.
 10640 | Gauntlet | 10640 ||| IDENTIFYING green potion
 10641 | Gauntlet | 10641 ||| DROPPING potion of magic.
 10695 | Lair:1   | 10695 ||| PLANNING LAIR
 10702 | Lair:1   | 10702 ||| INVOKING Berserk.
 10705 | Lair:1   | Reached skill level 3 in Throwing
 10841 | Lair:1   | 10841 ||| INVOKING Berserk.
 10994 | Lair:1   | Noticed Gastronok
 10995 | Lair:1   | 10995 ||| Stepping ~*~*~tactically~*~*~ (stealth).
 11000 | Lair:1   | 11000 ||| Stepping ~*~*~tactically~*~*~ (stealth).
 11001 | Lair:1   | 11001 ||| Stepping ~*~*~tactically~*~*~ (hiding).
 11005 | Lair:1   | 11005 ||| Stepping ~*~*~tactically~*~*~ (stealth).
 11009 | Lair:1   | 11009 ||| INVOKING Berserk.
 11016 | Lair:1   | Killed Gastronok
 11017 | Lair:1   | Reached skill level 11 in Fighting
 11038 | Lair:1   | 11038 ||| Stepping ~*~*~tactically~*~*~ (stealth).
 11163 | Lair:1   | 11163 ||| Stepping ~*~*~tactically~*~*~ (stealth).
 11190 | Lair:1   | Reached XP level 12. HP: 95/110 MP: 6/9
 11312 | Lair:1   | Noticed a four-headed hydra
 11313 | Lair:1   | 11313 ||| INVOKING Brothers in Arms.
 11316 | Lair:1   | 11316 ||| SWAPPING to +0 hand axe of flaming.
 11318 | Lair:1   | 11318 ||| INVOKING Berserk.
 11320 | Lair:1   | Killed a two-headed hydra
 11321 | Lair:1   | Reached skill level 6 in Throwing
 11333 | Lair:1   | Reached skill level 12 in Fighting
 11334 | Lair:1   | 11334 ||| SWAPPING to +1 war axe of freezing.
 11501 | Lair:1   | 11501 ||| Stepping ~*~*~tactically~*~*~ (stealth).
 11502 | Lair:1   | 11502 ||| Stepping ~*~*~tactically~*~*~ (stealth).
 11503 | Lair:1   | 11503 ||| INVOKING Berserk.
 11505 | Lair:1   | Reached skill level 9 in Armour
 11629 | Lair:1   | 11629 ||| Stepping ~*~*~tactically~*~*~ (stealth).
 11639 | Lair:1   | 11639 ||| Stepping ~*~*~tactically~*~*~ (stealth).
 12040 | Lair:1   | 12040 ||| UPGRADING to +2 hat of stealth.
 12045 | Lair:1   | 12045 ||| UPGRADING to +4 ring of evasion.
 12047 | Lair:1   | 12047 ||| DROPPING +6 ring of strength.
 12070 | Lair:2   | Noticed a five-headed hydra
 12071 | Lair:2   | 12071 ||| STAIRDANCE
 12077 | Lair:2   | 12077 ||| STAIRDANCE
 12079 | Lair:1   | 12079 ||| INVOKING Brothers in Arms.
 12080 | Lair:1   | 12080 ||| SWAPPING to +0 hand axe of flaming.
 12081 | Lair:1   | 12081 ||| INVOKING Berserk.
 12085 | Lair:1   | Killed a one-headed hydra
 12099 | Lair:1   | 12099 ||| SWAPPING to +1 war axe of freezing.
 12174 | Lair:2   | Noticed a boulder beetle
 12175 | Lair:2   | 12175 ||| STAIRDANCE
 12223 | Lair:2   | 12223 ||| STAIRDANCE
 12255 | Lair:2   | 12255 ||| INVOKING Berserk.
 12263 | Lair:2   | 12263 ||| STAIRDANCE
 12353 | Lair:2   | 12353 ||| INVOKING Berserk.
 12357 | Lair:2   | Killed a boulder beetle
 12358 | Lair:2   | Reached skill level 13 in Fighting
 12358 | Lair:2   | 12358 ||| STAIRDANCE
 12699 | Lair:2   | 12699 ||| Stepping ~*~*~tactically~*~*~ (hiding).
 12700 | Lair:2   | Noticed Erica
 12701 | Lair:2   | 12701 ||| FLEEEEING.
 12702 | Lair:2   | 12702 ||| Stepping ~*~*~tactically~*~*~ (hiding).
 12707 | Lair:2   | 12707 ||| INVOKING Berserk.
 12712 | Lair:2   | Killed Erica
 12721 | Lair:2   | 12721 ||| Stepping ~*~*~tactically~*~*~ (stealth).
 12721 | Lair:2   | Found a hole to the Spider Nest.
 12743 | Lair:2   | 12743 ||| FLEEEEING.
 12745 | Lair:2   | 12745 ||| FLEEEEING.
 12797 | Lair:2   | 12797 ||| INVOKING Berserk.
 12800 | Lair:2   | Reached skill level 6 in Dodging
 12913 | Lair:2   | Noticed a five-headed hydra
 12914 | Lair:2   | 12914 ||| INVOKING Brothers in Arms.
 12915 | Lair:2   | 12915 ||| INVOKING Brothers in Arms.
 12916 | Lair:2   | 12916 ||| INVOKING Brothers in Arms.
 12917 | Lair:2   | 12917 ||| INVOKING Brothers in Arms.
 12918 | Lair:2   | 12918 ||| INVOKING Brothers in Arms.
 12919 | Lair:2   | 12919 ||| SWAPPING to +0 hand axe of flaming.
 12920 | Lair:2   | 12920 ||| INVOKING Berserk.
 12922 | Lair:2   | Killed a three-headed hydra
 12923 | Lair:2   | Reached skill level 9 in Shields
 12937 | Lair:2   | 12937 ||| SWAPPING to +1 war axe of freezing.
 13136 | Lair:2   | 13136 ||| Stepping ~*~*~tactically~*~*~ (stealth).
 13143 | Lair:2   | 13143 ||| INVOKING Berserk.
 13289 | Lair:2   | 13289 ||| Stepping ~*~*~tactically~*~*~ (stealth).
 13427 | Lair:2   | Noticed a four-headed hydra
 13430 | Lair:2   | 13430 ||| SWAPPING to +0 hand axe of flaming.
 13432 | Lair:2   | 13432 ||| INVOKING Berserk.
 13434 | Lair:2   | Killed a two-headed hydra
 13440 | Lair:2   | 13440 ||| SWAPPING to +1 war axe of freezing.
 13595 | Lair:2   | 13595 ||| INVOKING Berserk.
 13887 | Lair:2   | 13887 ||| DRINKING potion of cancellation.
 13916 | Lair:2   | Noticed a dire elephant
 13916 | Lair:2   | Found the +5 glaive of the Guard {elec, spectral, AC+5}
 13937 | Lair:2   | Found a runed translucent door.
 14285 | Lair:2   | 14285 ||| READING 4 scrolls of identify.
 14285 | Lair:2   | 14285 ||| IDENTIFYING smoky pink potion
 14286 | Lair:2   | 14286 ||| READING 3 scrolls of identify.
 14286 | Lair:2   | 14286 ||| IDENTIFYING orange potion
 14287 | Lair:2   | 14287 ||| DROPPING potion of lignification.
 14288 | Lair:2   | 14288 ||| DROPPING potion of invisibility.
 14327 | Lair:3   | 14327 ||| STAIRDANCE
 14333 | Lair:2   | Reached XP level 13. HP: 122/122 MP: 10/10
 14405 | Lair:3   | 14405 ||| STAIRDANCE
 14655 | Lair:3   | Reached skill level 14 in Fighting
 14751 | Lair:3   | 14751 ||| INVOKING Berserk.
 14835 | Lair:3   | 14835 ||| INVOKING Berserk.
 15040 | Lair:3   | 15040 ||| Stepping ~*~*~tactically~*~*~ (stealth).
 15042 | Lair:3   | 15042 ||| Stepping ~*~*~tactically~*~*~ (hiding).
 15043 | Lair:3   | 15043 ||| INVOKING Brothers in Arms.
 15044 | Lair:3   | 15044 ||| INVOKING Brothers in Arms.
 15045 | Lair:3   | 15045 ||| SWAPPING to +0 hand axe of flaming.
 15046 | Lair:3   | 15046 ||| INVOKING Berserk.
 15075 | Lair:3   | 15075 ||| SWAPPING to +1 war axe of freezing.
 15150 | Lair:3   | Found a staircase to the Swamp.
 15246 | Lair:3   | 15246 ||| Stepping ~*~*~tactically~*~*~ (stealth).
 15247 | Lair:3   | 15247 ||| Stepping ~*~*~tactically~*~*~ (stealth).
 15335 | Lair:3   | 15335 ||| Stepping ~*~*~tactically~*~*~ (stealth).
 15337 | Lair:3   | 15337 ||| INVOKING Berserk.
 15541 | Lair:3   | Found a runed translucent gate.
 15544 | Lair:3   | Found a runed translucent gate.
 15544 | Lair:3   | Found a runed translucent gate.
 15546 | Lair:3   | Noticed qw's ghost (journeyman GrFi)
 15549 | Lair:3   | Noticed Snorg
 15552 | Lair:3   | 15552 ||| INVOKING Berserk.
 15561 | Lair:3   | Killed Snorg
 15678 | Lair:3   | Found a radiant altar of Vehumet.
 16037 | Lair:3   | 16037 ||| READING scroll labelled QURHERY LOIKA.
 16037 | Lair:3   | Identified a scroll of acquirement
 16037 | Lair:3   | 16037 ||| ACQUIRING amulet "Yviog" {Acrobat rN+ Stlth+}
 16037 | Lair:3   | Acquired the amulet "Yviog" {Acrobat rN+ Stlth+}
 16039 | Lair:3   | 16039 ||| UPGRADING to amulet "Yviog" {Acrobat rN+ Stlth+}.
 16049 | Lair:3   | 16049 ||| DROPPING amulet of guardian spirit.
 16075 | Lair:4   | 16075 ||| STAIRDANCE
 16080 | Lair:3   | Reached skill level 15 in Fighting
 16126 | Lair:4   | 16126 ||| STAIRDANCE
 16196 | Lair:4   | 16196 ||| STAIRDANCE
 16310 | Lair:4   | 16310 ||| SWAPPING to +0 broad axe.
 16315 | Lair:4   | 16315 ||| DROPPING +1 war axe of freezing.
 16353 | Lair:4   | 16353 ||| INVOKING Berserk.
 16509 | Lair:4   | 16509 ||| FLEEEEING.
 16511 | Lair:4   | 16511 ||| FLEEEEING.
 16596 | Lair:4   | 16596 ||| INVOKING Berserk.
 16846 | Lair:4   | 16846 ||| Stepping ~*~*~tactically~*~*~ (stealth).
 16847 | Lair:4   | 16847 ||| Stepping ~*~*~tactically~*~*~ (stealth).
 16880 | Lair:4   | 16880 ||| SWAPPING to +0 hand axe of flaming.
 16882 | Lair:4   | 16882 ||| INVOKING Berserk.
 16888 | Lair:4   | 16888 ||| SWAPPING to +0 broad axe.
 17185 | Lair:4   | 17185 ||| Stepping ~*~*~tactically~*~*~ (stealth).
 17188 | Lair:4   | 17188 ||| Stepping ~*~*~tactically~*~*~ (stealth).
 17190 | Lair:4   | 17190 ||| INVOKING Berserk.
 17457 | Lair:4   | Found a runed translucent door.
 17457 | Lair:4   | Found a viscous altar of Jiyva.
 17462 | Lair:4   | Found a staircase to the Slime Pits.
 17780 | Lair:4   | 17780 ||| DROPPING ring of protection from cold.
 17800 | Lair:5   | Entered Level 5 of the Lair of Beasts
 17846 | Lair:5   | 17846 ||| Stepping ~*~*~tactically~*~*~ (stealth).
 17920 | Lair:5   | 17920 ||| INVOKING Berserk.
 18000 | Lair:5   | 18000 ||| Stepping ~*~*~tactically~*~*~ (stealth).
 18023 | Lair:5   | 18023 ||| Stepping ~*~*~tactically~*~*~ (stealth).
 18051 | Lair:5   | 18051 ||| Stepping ~*~*~tactically~*~*~ (stealth).
 18057 | Lair:5   | 18057 ||| Stepping ~*~*~tactically~*~*~ (stealth).
 18058 | Lair:5   | 18058 ||| Stepping ~*~*~tactically~*~*~ (stealth).
 18085 | Lair:5   | Reached skill level 18 in Axes
 18195 | Lair:5   | 18195 ||| Stepping ~*~*~tactically~*~*~ (stealth).
 18196 | Lair:5   | 18196 ||| Stepping ~*~*~tactically~*~*~ (stealth).
 18199 | Lair:5   | 18199 ||| INVOKING Berserk.
 18273 | Lair:5   | Reached XP level 14. HP: 127/135 MP: 11/11
 18363 | Lair:5   | 18363 ||| INVOKING Brothers in Arms.
 18364 | Lair:5   | 18364 ||| INVOKING Berserk.
 18412 | Lair:5   | 18412 ||| FLEEEEING.
 18423 | Lair:5   | 18423 ||| FLEEEEING.
 18427 | Lair:5   | 18427 ||| FLEEEEING.
 18428 | Lair:5   | 18428 ||| FLEEEEING.
 18429 | Lair:5   | 18429 ||| FLEEEEING.
 18430 | Lair:5   | 18430 ||| FLEEEEING.
 18431 | Lair:5   | 18431 ||| FLEEEEING.
 18432 | Lair:5   | 18432 ||| FLEEEEING.
 18433 | Lair:5   | 18433 ||| FLEEEEING.
 18434 | Lair:5   | 18434 ||| FLEEEEING.
 18435 | Lair:5   | 18435 ||| FLEEEEING.
 18436 | Lair:5   | 18436 ||| FLEEEEING.
 18437 | Lair:5   | 18437 ||| FLEEEEING.
 18438 | Lair:5   | 18438 ||| FLEEEEING.
 18439 | Lair:5   | 18439 ||| FLEEEEING.
 18440 | Lair:5   | 18440 ||| FLEEEEING.
 18441 | Lair:5   | 18441 ||| INVOKING Berserk.
 18565 | Lair:5   | 18565 ||| SWAPPING to +0 hand axe of flaming.
 18566 | Lair:5   | 18566 ||| INVOKING Berserk.
 18578 | Lair:5   | 18578 ||| SWAPPING to +0 broad axe.
 18770 | Lair:5   | 18770 ||| Stepping ~*~*~tactically~*~*~ (stealth).
 18772 | Lair:5   | 18772 ||| Stepping ~*~*~tactically~*~*~ (hiding).
 18890 | Lair:5   | Identified the ring of Peomimy {Fire Int+4}
 18902 | Lair:5   | 18902 ||| Stepping ~*~*~tactically~*~*~ (stealth).
 18904 | Lair:5   | 18904 ||| Stepping ~*~*~tactically~*~*~ (hiding).
 18950 | Lair:5   | 18950 ||| Stepping ~*~*~tactically~*~*~ (hiding).
 18952 | Lair:5   | 18952 ||| INVOKING Trog's Hand.
 19061 | Lair:5   | Found a burning altar of Makhleb.
 19063 | Lair:5   | 19063 ||| Stepping ~*~*~tactically~*~*~ (hiding).
 19077 | Lair:5   | 19077 ||| Stepping ~*~*~tactically~*~*~ (hiding).
 19091 | Lair:5   | 19091 ||| INVOKING Berserk.
 19116 | Lair:5   | HP: 33/136 [smoke demon/ball of steam (4)]
 19117 | Lair:5   | 19117 ||| READING 11 scrolls of teleportation.
 19118 | Lair:5   | 19118 ||| DRINKING 11 potions of heal wounds.
 19119 | Lair:5   | 19119 ||| DRINKING 10 potions of heal wounds.
 19435 | Lair:5   | 19435 ||| INVOKING Brothers in Arms.
 19436 | Lair:5   | 19436 ||| INVOKING Brothers in Arms.
 19437 | Lair:5   | 19437 ||| INVOKING Brothers in Arms.
 19438 | Lair:5   | 19438 ||| INVOKING Brothers in Arms.
 19439 | Lair:5   | 19439 ||| INVOKING Brothers in Arms.
 19440 | Lair:5   | 19440 ||| INVOKING Brothers in Arms.
 19441 | Lair:5   | 19441 ||| INVOKING Brothers in Arms.
 19442 | Lair:5   | 19442 ||| INVOKING Brothers in Arms.
 19443 | Lair:5   | 19443 ||| SWAPPING to +0 hand axe of flaming.
 19444 | Lair:5   | 19444 ||| INVOKING Berserk.
 19446 | Lair:5   | Reached skill level 16 in Fighting
 19541 | Lair:5   | 19541 ||| SWAPPING to +0 broad axe.
 19576 | Lair:5   | 19576 ||| Stepping ~*~*~tactically~*~*~ (stealth).
 19580 | Lair:5   | 19580 ||| Stepping ~*~*~tactically~*~*~ (hiding).
 19581 | Lair:5   | 19581 ||| Stepping ~*~*~tactically~*~*~ (stealth).
 19583 | Lair:5   | 19583 ||| INVOKING Berserk.
 19648 | Lair:5   | Found a gateway to Hell.
 19897 | Lair:5   | 19897 ||| Stepping ~*~*~tactically~*~*~ (stealth).
 20009 | Lair:5   | 20009 ||| Stepping ~*~*~tactically~*~*~ (stealth).
 20011 | Lair:5   | 20011 ||| Stepping ~*~*~tactically~*~*~ (stealth).
 20012 | Lair:5   | 20012 ||| Stepping ~*~*~tactically~*~*~ (stealth).
 20014 | Lair:5   | 20014 ||| Stepping ~*~*~tactically~*~*~ (stealth).
 20015 | Lair:5   | 20015 ||| Stepping ~*~*~tactically~*~*~ (stealth).
 20016 | Lair:5   | 20016 ||| Stepping ~*~*~tactically~*~*~ (stealth).
 20114 | Lair:5   | 20114 ||| PLANNING D:1-11
 20114 | Lair:5   | 20114 ||| DROPPING ring of fire.
 20118 | Lair:5   | 20118 ||| READING 5 scrolls of identify.
 20118 | Lair:5   | 20118 ||| IDENTIFYING ruby potion
 20119 | Lair:5   | 20119 ||| DROPPING potion of berserk rage.
 20212 | D:10     | Entered Level 10 of the Dungeon
 20215 | D:10     | 20215 ||| INVOKING Berserk.
 20231 | D:10     | 20231 ||| Stepping ~*~*~tactically~*~*~ (cloud).
 20508 | D:10     | Reached skill level 17 in Fighting
 20772 | D:10     | 20772 ||| Stepping ~*~*~tactically~*~*~ (hiding).
 20786 | D:10     | 20786 ||| Stepping ~*~*~tactically~*~*~ (stealth).
 20791 | D:10     | 20791 ||| Stepping ~*~*~tactically~*~*~ (hiding).
 20812 | D:10     | 20812 ||| Stepping ~*~*~tactically~*~*~ (stealth).
 20816 | D:10     | 20816 ||| Stepping ~*~*~tactically~*~*~ (stealth).
 20864 | D:10     | 20864 ||| Stepping ~*~*~tactically~*~*~ (stealth).
 20865 | D:10     | 20865 ||| Stepping ~*~*~tactically~*~*~ (stealth).
 20867 | D:10     | 20867 ||| Stepping ~*~*~tactically~*~*~ (hiding).
 20901 | D:10     | 20901 ||| Stepping ~*~*~tactically~*~*~ (stealth).
 20912 | D:10     | 20912 ||| Stepping ~*~*~tactically~*~*~ (stealth).
 20915 | D:10     | 20915 ||| Stepping ~*~*~tactically~*~*~ (hiding).
 20936 | D:10     | 20936 ||| Stepping ~*~*~tactically~*~*~ (stealth).
 20938 | D:10     | 20938 ||| Stepping ~*~*~tactically~*~*~ (stealth).
 20947 | D:10     | Found a staircase to the Orcish Mines.
 21098 | D:10     | 21098 ||| Stepping ~*~*~tactically~*~*~ (stealth).
 21683 | D:11     | 21683 ||| Stepping ~*~*~tactically~*~*~ (hiding).
 21856 | D:11     | 21856 ||| INVOKING Berserk.
 21867 | D:11     | Reached skill level 12 in Armour
 22004 | D:11     | 22004 ||| DRINKING 7 potions of curing.
 22004 | D:11     | 22004 ||| (to cure confusion)
 22494 | D:11     | 22494 ||| INVOKING Berserk.
 22642 | D:11     | 22642 ||| Stepping ~*~*~tactically~*~*~ (hiding).
 22769 | D:11     | 22769 ||| PLANNING D
 22769 | D:11     | 22769 ||| DRINKING 2 murky grey potions.
 22770 | D:11     | 22770 ||| DROPPING potion of attraction.
 22801 | D:12     | 22801 ||| INVOKING Brothers in Arms.
 22802 | D:12     | 22802 ||| SWAPPING to +0 hand axe of flaming.
 22803 | D:12     | 22803 ||| INVOKING Berserk.
 22813 | D:12     | 22813 ||| SWAPPING to +0 broad axe.
 23096 | D:12     | 23096 ||| Stepping ~*~*~tactically~*~*~ (hiding).
 23258 | D:12     | Found Xires's Assorted Antiques.
 23262 | D:12     | 23262 ||| BUYING scroll of identify (58 gold).
 23262 | D:12     | Bought a scroll of identify for 58 gold pieces
 23262 | D:12     | 23262 ||| BUYING scroll of teleportation (87 gold).
 23262 | D:12     | Bought a scroll of teleportation for 87 gold pieces
 23262 | D:12     | 23262 ||| BUYING scroll of teleportation (87 gold).
 23262 | D:12     | Bought a scroll of teleportation for 87 gold pieces
 23702 | D:13     | Found a viscous altar of Jiyva.
 23705 | D:13     | 23705 ||| Stepping ~*~*~tactically~*~*~ (stealth).
 23729 | D:13     | 23729 ||| FLEEEEING.
 23814 | D:13     | 23814 ||| READING scroll of enchant weapon.
 23814 | D:13     | 23814 ||| ENCHANTING +0 broad axe.
 23841 | D:13     | 23841 ||| Stepping ~*~*~tactically~*~*~ (stealth).
 23843 | D:13     | 23843 ||| FLEEEEING.
 23844 | D:13     | 23844 ||| FLEEEEING.
 23845 | D:13     | 23845 ||| FLEEEEING.
 23846 | D:13     | 23846 ||| FLEEEEING.
 23847 | D:13     | 23847 ||| STAIRDANCE
 23941 | D:13     | 23941 ||| STAIRDANCE
 24003 | D:13     | 24003 ||| STAIRDANCE
 24005 | D:12     | 24005 ||| INVOKING Brothers in Arms.
 24006 | D:12     | 24006 ||| INVOKING Brothers in Arms.
 24007 | D:12     | 24007 ||| SWAPPING to +0 hand axe of flaming.
 24008 | D:12     | 24008 ||| INVOKING Berserk.
 24068 | D:12     | 24068 ||| SWAPPING to +1 broad axe.
 24091 | D:13     | 24091 ||| Stepping ~*~*~tactically~*~*~ (hiding).
 24171 | D:13     | 24171 ||| Stepping ~*~*~tactically~*~*~ (hiding).
 24179 | D:13     | 24179 ||| FLEEEEING.
 24180 | D:13     | 24180 ||| FLEEEEING.
 24395 | D:13     | 24395 ||| INVOKING Berserk.
 24936 | D:13     | 24936 ||| SWAPPING to +0 hand axe of flaming.
 24937 | D:13     | 24937 ||| INVOKING Berserk.
 25025 | D:13     | 25025 ||| SWAPPING to +1 broad axe.
 25064 | D:13     | 25064 ||| INVOKING Berserk.
 25066 | D:13     | Reached XP level 15. HP: 79/148 MP: 12/12
 25509 | D:13     | Reached skill level 18 in Fighting
 25754 | D:14     | 25754 ||| SWAPPING to +0 hand axe of flaming.
 25761 | D:14     | 25761 ||| SWAPPING to +1 broad axe.
 25782 | D:14     | Found a gate to the Vaults.
 25783 | D:14     | 25783 ||| Stepping ~*~*~tactically~*~*~ (stealth).
 25786 | D:14     | 25786 ||| Stepping ~*~*~tactically~*~*~ (hiding).
 25862 | D:14     | 25862 ||| INVOKING Berserk.
 25989 | D:14     | 25989 ||| Stepping ~*~*~tactically~*~*~ (stealth).
 26222 | D:14     | 26222 ||| Stepping ~*~*~tactically~*~*~ (stealth).
 26230 | D:14     | 26230 ||| INVOKING Berserk.
 26480 | D:14     | 26480 ||| INVOKING Berserk.
 26489 | D:14     | Reached skill level 9 in Dodging
 26709 | D:14     | 26709 ||| Stepping ~*~*~tactically~*~*~ (stealth).
 26711 | D:14     | 26711 ||| Stepping ~*~*~tactically~*~*~ (hiding).
 26759 | D:14     | 26759 ||| Stepping ~*~*~tactically~*~*~ (hiding).
 26889 | D:14     | 26889 ||| Stepping ~*~*~tactically~*~*~ (stealth).
 26890 | D:14     | 26890 ||| Stepping ~*~*~tactically~*~*~ (stealth).
 26891 | D:14     | 26891 ||| INVOKING Berserk.
 27157 | D:14     | 27157 ||| Stepping ~*~*~tactically~*~*~ (stealth).
 27205 | D:14     | 27205 ||| Stepping ~*~*~tactically~*~*~ (hiding).
 27208 | D:14     | 27208 ||| Stepping ~*~*~tactically~*~*~ (hiding).
 27275 | D:14     | 27275 ||| FLEEEEING.
 27276 | D:14     | 27276 ||| FLEEEEING.
 27277 | D:14     | 27277 ||| FLEEEEING.
 27278 | D:14     | 27278 ||| FLEEEEING.
 27279 | D:14     | 27279 ||| FLEEEEING.
 27280 | D:14     | 27280 ||| FLEEEEING.
 27281 | D:14     | 27281 ||| FLEEEEING.
 27282 | D:14     | 27282 ||| FLEEEEING.
 27283 | D:14     | 27283 ||| FLEEEEING.
 27284 | D:14     | 27284 ||| FLEEEEING.
 27285 | D:14     | 27285 ||| FLEEEEING.
 27286 | D:14     | 27286 ||| FLEEEEING.
 27287 | D:14     | 27287 ||| FLEEEEING.
 27307 | D:14     | 27307 ||| FLEEEEING.
 27308 | D:14     | 27308 ||| FLEEEEING.
 27309 | D:14     | 27309 ||| FLEEEEING.
 27310 | D:14     | 27310 ||| FLEEEEING.
 27311 | D:14     | 27311 ||| FLEEEEING.
 27312 | D:14     | 27312 ||| FLEEEEING.
 27313 | D:14     | 27313 ||| FLEEEEING.
 27315 | D:14     | 27315 ||| STAIRDANCE
 27604 | D:15     | Entered Level 15 of the Dungeon
 27783 | D:15     | 27783 ||| INVOKING Trog's Hand.
 27785 | D:15     | 27785 ||| INVOKING Berserk.
 27918 | D:15     | Found a staircase to the Depths.
 28030 | D:15     | 28030 ||| Stepping ~*~*~tactically~*~*~ (hiding).
 28355 | D:15     | Reached skill level 19 in Fighting
 28448 | D:15     | 28448 ||| SWAPPING to +0 hand axe of flaming.
 28456 | D:15     | 28456 ||| SWAPPING to +1 broad axe.
 28712 | D:15     | Found a portal to a secret trove of treasure.
 28871 | D:15     | 28871 ||| PLANNING ORC
 28871 | D:15     | 28871 ||| UPGRADING to +2 pair of gloves.
 28876 | D:15     | 28876 ||| DROPPING +2 cloak.
 28998 | Orc:1    | Entered Level 1 of the Orcish Mines
 29006 | Orc:1    | You fall into a shaft and drop 1 floor!
 29006 | Orc:2    | Entered Level 2 of the Orcish Mines
 29007 | Orc:2    | 29007 ||| PLANNING BAZAAR
 29009 | Orc:2    | Found a staircase to the Elven Halls.
 29022 | Orc:2    | 29022 ||| INVOKING Berserk.
 29032 | Orc:2    | Noticed an orc warlord
 29045 | Orc:2    | 29045 ||| INVOKING Trog's Hand.
 29046 | Orc:2    | HP: 38/152 [orc warlord/+3 great sword of flaming (20)]
 29047 | Orc:2    | 29047 ||| READING 17 scrolls of teleportation.
 29048 | Orc:2    | 29048 ||| DRINKING 14 potions of heal wounds.
 29274 | Orc:2    | 29274 ||| Stepping ~*~*~tactically~*~*~ (stealth).
 29292 | Orc:2    | Reached ***** piety under Trog
 29295 | Orc:2    | 29295 ||| INVOKING Brothers in Arms.
 29296 | Orc:2    | 29296 ||| INVOKING Berserk.
 29301 | Orc:2    | Killed an orc warlord
 29304 | Orc:2    | Noticed Erolcha
 29305 | Orc:2    | 29305 ||| INVOKING Trog's Hand.
 29310 | Orc:2    | Reached skill level 12 in Shields
 29315 | Orc:2    | HP: 30/152 [two-headed ogre/+0 giant club (17)]
 29316 | Orc:2    | 29316 ||| READING 16 scrolls of teleportation.
 29317 | Orc:2    | 29317 ||| DRINKING 13 potions of heal wounds.
 29318 | Orc:2    | 29318 ||| DRINKING 12 potions of heal wounds.
 29323 | Orc:2    | 29323 ||| INVOKING Trog's Hand.
 29333 | Orc:2    | Noticed Urug
 29333 | Orc:2    | Gained mutation: You are dopey. (Int -2) [a neqoxec]
 29345 | Orc:2    | Killed Urug
 29346 | Orc:2    | 29346 ||| INVOKING Trog's Hand.
 29355 | Orc:2    | HP: 27/149 [orc knight/+0 great sword (20)]
 29356 | Orc:2    | 29356 ||| READING 15 scrolls of teleportation.
 29357 | Orc:2    | 29357 ||| DRINKING 11 potions of heal wounds.
 29365 | Orc:2    | Noticed an orc warlord
 29365 | Orc:2    | 29365 ||| INVOKING Berserk.
 29386 | Orc:2    | Killed an orc warlord
 29415 | Orc:2    | 29415 ||| FLEEEEING.
 29416 | Orc:2    | 29416 ||| FLEEEEING.
 29417 | Orc:2    | 29417 ||| FLEEEEING.
 29418 | Orc:2    | 29418 ||| FLEEEEING.
 29419 | Orc:2    | 29419 ||| FLEEEEING.
 29420 | Orc:2    | 29420 ||| FLEEEEING.
 29421 | Orc:2    | 29421 ||| FLEEEEING.
 29421 | Orc:2    | Found Zitwegan's Specific Store.
 29422 | Orc:2    | 29422 ||| FLEEEEING.
 29423 | Orc:2    | 29423 ||| FLEEEEING.
 29423 | Orc:2    | Found Tuzikhla's General Store.
 29424 | Orc:2    | 29424 ||| FLEEEEING.
 29425 | Orc:2    | 29425 ||| FLEEEEING.
 29428 | Orc:2    | 29428 ||| FLEEEEING.
 29429 | Orc:2    | 29429 ||| Stepping ~*~*~tactically~*~*~ (hiding).
 29430 | Orc:2    | 29430 ||| INVOKING Trog's Hand.
 29431 | Orc:2    | 29431 ||| INVOKING Berserk.
 29456 | Orc:2    | 29456 ||| FLEEEEING.
 29458 | Orc:2    | 29458 ||| FLEEEEING.
 29461 | Orc:2    | 29461 ||| STAIRDANCE
 29692 | Orc:2    | 29692 ||| BUYING potion of resistance (140 gold).
 29692 | Orc:2    | Bought a potion of resistance for 140 gold pieces
 29692 | Orc:2    | 29692 ||| BUYING scroll of teleportation (42 gold).
 29692 | Orc:2    | Bought a scroll of teleportation for 42 gold pieces
 29717 | Orc:2    | 29717 ||| Stepping ~*~*~tactically~*~*~ (stealth).
 29719 | Orc:2    | 29719 ||| Stepping ~*~*~tactically~*~*~ (stealth).
 29720 | Orc:2    | 29720 ||| Stepping ~*~*~tactically~*~*~ (stealth).
 29840 | Orc:2    | 29840 ||| Stepping ~*~*~tactically~*~*~ (hiding).
 29846 | Orc:2    | 29846 ||| INVOKING Trog's Hand.
 29847 | Orc:2    | 29847 ||| INVOKING Berserk.
 29850 | Orc:2    | Reached XP level 16. HP: 160/160 MP: 13/13
 29898 | Orc:2    | Killed Erolcha
 29978 | Orc:2    | Found a flickering gateway to a bazaar.
 29999 | Orc:2    | 29999 ||| Stepping ~*~*~tactically~*~*~ (stealth).
 30000 | Orc:2    | 30000 ||| Stepping ~*~*~tactically~*~*~ (stealth).
 30001 | Orc:2    | 30001 ||| INVOKING Trog's Hand.
 30002 | Orc:2    | 30002 ||| INVOKING Berserk.
 30010 | Orc:2    | 30010 ||| READING 15 scrolls of teleportation.
 30012 | Orc:2    | Found Meipiuli's Antique Armour Emporium.
 30012 | Orc:2    | Found Damnat's Armour Boutique.
 30012 | Orc:2    | Found Ruanink's Antique Weapon Boutique.
 30012 | Orc:2    | Found Coum's General Store.
 30016 | Orc:2    | 30016 ||| INVOKING Trog's Hand.
 30023 | Orc:2    | Reached skill level 15 in Armour
 30143 | Orc:2    | 30143 ||| BUYING shiny orb (336 gold).
 30143 | Orc:2    | Bought a shiny orb for 336 gold pieces
 30145 | Orc:2    | 30145 ||| BUYING potion of haste (140 gold).
 30145 | Orc:2    | Bought a potion of haste for 140 gold pieces
 30145 | Orc:2    | 30145 ||| BUYING potion of mutation (112 gold).
 30145 | Orc:2    | Bought a potion of mutation for 112 gold pieces
 30146 | Orc:2    | 30146 ||| BUYING +3 crown of Dyrovepreva {rElec Int+2 SInv}
                  | (662 gold).
 30146 | Orc:2    | Bought the +3 crown of Dyrovepreva {rElec Int+2 SInv} for
                  | 662 gold pieces
 30146 | Orc:2    | Found the +3 crown of Dyrovepreva {rElec Int+2 SInv}
 30146 | Orc:2    | 30146 ||| SHOPLISTING +8 chain mail "Coxauck" {+Blink
                  | Int+5} (1104 gold, have 563).
 30305 | Orc:2    | 30305 ||| RIP BAZAAR
 30305 | Orc:2    | 30305 ||| PLANNING ORC
 30305 | Orc:2    | 30305 ||| DROPPING orb of wrath.
 30306 | Orc:2    | 30306 ||| UPGRADING to +3 crown of Dyrovepreva {rElec Int+2
                  | SInv}.
 30316 | Orc:2    | 30316 ||| DROPPING +2 hat of stealth.
 30332 | Orc:2    | 30332 ||| READING 14 scrolls of teleportation.
 30437 | Orc:1    | 30437 ||| PLANNING SPIDER:1-3
 30442 | Orc:2    | 30442 ||| RIP BAZAAR
 30547 | Spider:1 | Entered Level 1 of the Spider Nest
 30567 | Spider:1 | 30567 ||| Stepping ~*~*~tactically~*~*~ (stealth).
 30573 | Spider:1 | 30573 ||| INVOKING Brothers in Arms.
 30574 | Spider:1 | 30574 ||| INVOKING Brothers in Arms.
 30575 | Spider:1 | 30575 ||| DRINKING 7 potions of curing.
 30575 | Spider:1 | 30575 ||| (to cure confusion)
 30633 | Spider:1 | 30633 ||| Stepping ~*~*~tactically~*~*~ (stealth).
 30634 | Spider:1 | 30634 ||| Stepping ~*~*~tactically~*~*~ (stealth).
 30741 | Spider:1 | 30741 ||| READING scroll of enchant weapon.
 30741 | Spider:1 | 30741 ||| ENCHANTING +1 broad axe.
 30774 | Spider:1 | 30774 ||| INVOKING Brothers in Arms.
 30775 | Spider:1 | 30775 ||| INVOKING Brothers in Arms.
 30890 | Spider:1 | 30890 ||| Stepping ~*~*~tactically~*~*~ (hiding).
 30894 | Spider:1 | 30894 ||| INVOKING Brothers in Arms.
 30984 | Spider:1 | 30984 ||| Stepping ~*~*~tactically~*~*~ (stealth).
 30996 | Spider:1 | 30996 ||| Stepping ~*~*~tactically~*~*~ (stealth).
 30997 | Spider:1 | 30997 ||| Stepping ~*~*~tactically~*~*~ (stealth).
 31044 | Spider:1 | 31044 ||| Stepping ~*~*~tactically~*~*~ (stealth).
 31107 | Spider:1 | 31107 ||| Stepping ~*~*~tactically~*~*~ (stealth).
 31173 | Spider:1 | 31173 ||| Stepping ~*~*~tactically~*~*~ (stealth).
 31200 | Spider:1 | 31200 ||| Stepping ~*~*~tactically~*~*~ (stealth).
 31206 | Spider:1 | 31206 ||| Stepping ~*~*~tactically~*~*~ (stealth).
 31209 | Spider:1 | 31209 ||| Stepping ~*~*~tactically~*~*~ (stealth).
 31211 | Spider:1 | 31211 ||| Stepping ~*~*~tactically~*~*~ (stealth).
 31215 | Spider:1 | 31215 ||| Stepping ~*~*~tactically~*~*~ (stealth).
 31217 | Spider:1 | 31217 ||| Stepping ~*~*~tactically~*~*~ (hiding).
 31231 | Spider:1 | 31231 ||| Stepping ~*~*~tactically~*~*~ (stealth).
 31274 | Spider:1 | 31274 ||| INVOKING Berserk.
 31284 | Spider:1 | Reached skill level 20 in Fighting
 31365 | Spider:1 | 31365 ||| INVOKING Brothers in Arms.
 31374 | Spider:1 | 31374 ||| DRINKING 6 potions of curing.
 31374 | Spider:1 | 31374 ||| (to cure confusion)
 31719 | Spider:2 | 31719 ||| STAIRDANCE
 31724 | Spider:2 | 31724 ||| STAIRDANCE
 31761 | Spider:2 | 31761 ||| STAIRDANCE
 31786 | Spider:2 | 31786 ||| INVOKING Brothers in Arms.
 31787 | Spider:2 | 31787 ||| STAIRDANCE
 31877 | Spider:2 | 31877 ||| INVOKING Brothers in Arms.
 31878 | Spider:2 | 31878 ||| INVOKING Brothers in Arms.
 31886 | Spider:2 | 31886 ||| INVOKING Berserk.
 31923 | Spider:2 | HP: 36/162 [ghost moth (12)]
 31924 | Spider:2 | 31924 ||| READING 14 scrolls of teleportation.
 31925 | Spider:2 | 31925 ||| DRINKING 10 potions of heal wounds.
 31936 | Spider:2 | HP: 24/162 [boulder beetle (20)]
 31937 | Spider:2 | 31937 ||| DRINKING 5 potions of curing.
 31937 | Spider:2 | 31937 ||| (to cure confusion)
 31938 | Spider:2 | 31938 ||| READING 13 scrolls of teleportation.
 31939 | Spider:2 | 31939 ||| DRINKING 9 potions of heal wounds.
 31940 | Spider:2 | 31940 ||| DRINKING 8 potions of heal wounds.
 31941 | Spider:2 | 31941 ||| DRINKING 7 potions of heal wounds.
 31942 | Spider:2 | 31942 ||| INVOKING Berserk.
 31998 | Spider:2 | 31998 ||| FLEEEEING.
 32277 | Spider:2 | 32277 ||| Stepping ~*~*~tactically~*~*~ (stealth).
 32287 | Spider:2 | 32287 ||| DRINKING 4 potions of curing.
 32287 | Spider:2 | 32287 ||| (to cure confusion)
 32296 | Spider:2 | 32296 ||| Stepping ~*~*~tactically~*~*~ (stealth).
 32354 | Spider:2 | 32354 ||| Stepping ~*~*~tactically~*~*~ (stealth).
 32379 | Spider:2 | 32379 ||| INVOKING Berserk.
 32406 | Spider:2 | HP: 35/162 [redback (7)]
 32407 | Spider:2 | 32407 ||| READING 12 scrolls of teleportation.
 32407 | Spider:2 | HP: 17/162 [culicivora (4)]
 32407 | Spider:2 | HP: 6/162 [steelbarb worm (11)]
 32408 | Spider:2 | 32408 ||| DRINKING 7 potions of heal wounds.
 32412 | Spider:2 | HP: 12/162 [poisoned by a redback]
 32416 | Spider:2 | 32416 ||| READING 11 scrolls of teleportation.
 32417 | Spider:2 | 32417 ||| DRINKING 6 potions of heal wounds.
 32418 | Spider:2 | 32418 ||| DRINKING 5 potions of heal wounds.
 32438 | Spider:2 | 32438 ||| Stepping ~*~*~tactically~*~*~ (stealth).
 32439 | Spider:2 | 32439 ||| Stepping ~*~*~tactically~*~*~ (stealth).
 32544 | Spider:2 | 32544 ||| INVOKING Berserk.
 32682 | Spider:2 | 32682 ||| FLEEEEING.
 32683 | Spider:2 | 32683 ||| FLEEEEING.
 32684 | Spider:2 | 32684 ||| FLEEEEING.
 32685 | Spider:2 | 32685 ||| STAIRDANCE
 32887 | Spider:2 | 32887 ||| Stepping ~*~*~tactically~*~*~ (stealth).
 32970 | Spider:2 | 32970 ||| Stepping ~*~*~tactically~*~*~ (stealth).
 33141 | Spider:2 | 33141 ||| Stepping ~*~*~tactically~*~*~ (stealth).
 33310 | Spider:3 | Noticed Louise
 33311 | Spider:3 | 33311 ||| INVOKING Trog's Hand.
 33312 | Spider:3 | 33312 ||| STAIRDANCE
 33401 | Spider:3 | 33401 ||| STAIRDANCE
 33442 | Spider:3 | 33442 ||| STAIRDANCE
 33545 | Spider:3 | 33545 ||| STAIRDANCE
 33547 | Spider:2 | 33547 ||| INVOKING Trog's Hand.
 33548 | Spider:2 | 33548 ||| INVOKING Berserk.
 33555 | Spider:2 | Killed Louise
 33662 | Spider:2 | 33662 ||| UPGRADING to +0 tower shield.
 33672 | Spider:2 | 33672 ||| DROPPING +0 buckler.
 33676 | Spider:3 | 33676 ||| STAIRDANCE
 33678 | Spider:2 | 33678 ||| INVOKING Berserk.
 33815 | Spider:3 | 33815 ||| STAIRDANCE
 33819 | Spider:3 | 33819 ||| STAIRDANCE
 33964 | Spider:3 | 33964 ||| Stepping ~*~*~tactically~*~*~ (stealth).
 34044 | Spider:3 | Noticed Aizul
 34045 | Spider:3 | 34045 ||| INVOKING Trog's Hand.
 34047 | Spider:3 | 34047 ||| INVOKING Berserk.
 34062 | Spider:3 | Killed Aizul
 34063 | Spider:3 | Noticed Mara
 34102 | Spider:3 | 34102 ||| FLEEEEING.
 34134 | Spider:3 | 34134 ||| INVOKING Berserk.
 34146 | Spider:3 | Noticed qw's illusion
 34157 | Spider:3 | Killed Mara
 34340 | Spider:3 | 34340 ||| Stepping ~*~*~tactically~*~*~ (stealth).
 34341 | Spider:3 | 34341 ||| Stepping ~*~*~tactically~*~*~ (stealth).
 34395 | Spider:3 | 34395 ||| Stepping ~*~*~tactically~*~*~ (stealth).
 34397 | Spider:3 | 34397 ||| Stepping ~*~*~tactically~*~*~ (stealth).
 34408 | Spider:3 | 34408 ||| Stepping ~*~*~tactically~*~*~ (stealth).
 34468 | Spider:3 | 34468 ||| INVOKING Berserk.
 34501 | Spider:3 | 34501 ||| FLEEEEING.
 34502 | Spider:3 | 34502 ||| INVOKING Brothers in Arms.
 34515 | Spider:3 | Reached XP level 17. HP: 93/172 MP: 14/14
 34866 | Spider:3 | 34866 ||| Stepping ~*~*~tactically~*~*~ (stealth).
 34879 | Spider:3 | 34879 ||| Stepping ~*~*~tactically~*~*~ (stealth).
 34894 | Spider:3 | 34894 ||| Stepping ~*~*~tactically~*~*~ (stealth).
 34937 | Spider:3 | Noticed Arachne
 34939 | Spider:3 | 34939 ||| Stepping ~*~*~tactically~*~*~ (hiding).
 34952 | Spider:3 | 34952 ||| INVOKING Berserk.
 34958 | Spider:3 | HP: 43/172 [Arachne/staff of poison (1)]
 34959 | Spider:3 | 34959 ||| READING 12 scrolls of teleportation.
 34960 | Spider:3 | 34960 ||| DRINKING 4 potions of heal wounds.
 34961 | Spider:3 | 34961 ||| DRINKING 3 potions of heal wounds.
 34966 | Spider:3 | HP: 43/172 [poisoned by Arachne (bolt of poison)]
 34992 | Spider:3 | HP: 42/172 [Arachne/staff of poison (8)]
 34993 | Spider:3 | 34993 ||| READING 11 scrolls of teleportation.
 34994 | Spider:3 | 34994 ||| DRINKING 2 potions of heal wounds.
 34996 | Spider:3 | 34996 ||| DRINKING potion of heal wounds.
 34998 | Spider:3 | 34998 ||| Stepping ~*~*~tactically~*~*~ (hiding).
 35039 | Spider:3 | 35039 ||| INVOKING Berserk.
 35043 | Spider:3 | HP: 62/258 [Arachne/poison arrow (5)]
 35048 | Spider:3 | HP: 55/258 [poisoned by Arachne (poison arrow)]
 35052 | Spider:3 | Killed Arachne
 35053 | Spider:3 | HP: 22/172 [poisoned by Arachne]
 35515 | Spider:3 | 35515 ||| PLANNING SWAMP:1-3
 35515 | Spider:3 | 35515 ||| DROPPING scarf of repulsion.
 35654 | Swamp:1  | Entered Level 1 of the Swamp
 35657 | Swamp:1  | 35657 ||| SWAPPING to +0 hand axe of flaming.
 35662 | Swamp:1  | 35662 ||| Stepping ~*~*~tactically~*~*~ (water).
 35668 | Swamp:1  | 35668 ||| SWAPPING to +2 broad axe.
 35676 | Swamp:1  | Reached skill level 15 in Shields
 35992 | Swamp:1  | 35992 ||| INVOKING Berserk.
 36018 | Swamp:1  | HP: 43/172 [goliath frog (5)]
 36019 | Swamp:1  | 36019 ||| READING 10 scrolls of teleportation.
 36019 | Swamp:1  | HP: 21/172 [spriggan druid/stone arrow (1)]
 36019 | Swamp:1  | HP: 1/172 [acid (10)]
 36020 | Swamp:1  | Slain by a goliath frog

Levels and vault maps discovered:
D:1:      shiori_arrival_whats_in_store_for_you, layout_loops_ring,
          serial_shops, nicolae_shop_trees
D:2:      layout_loops_corners, basic_altar, nicolae_ecumenical_snake_handling
D:3:      layout_rooms, mainiacjoe_overflow_big_doors, serial_shops,
          nicolae_lakefront_shop, uniq_ijyb, uniq_crazy_yiuf_cottage,
          uniq_terence
D:4:      wad_woods_stonehenge, layout_rooms, mainiacjoe_overflow_cross_hatched,
          uniq_pikel, uniq_eustachio, uniq_sigmund
D:5:      layout_rooms, mainiacjoe_overflow_24_doors, serial_undead,
          serial_undead_a, serial_undead_e, serial_undead_c, serial_undead_c,
          uniq_grinder
D:6:      layout_rooms, nicolae_wu_jian_glorious_leap, serial_bayou_lagoon_a
D:7:      layout_basic, old_standard_altar, minmay_temple_entry_mist,
          nicolae_ossuary_entry_plus, grunt_ministairs_1, dk_noncrumbling_2
D:8:      layout_cave_pools, grunt_temple_overflow_order_and_chaos_1,
          okawaru_gym_becter, overflow_temple_1_default,
          mainiacjoe_overflow_alcove_1, corexii_corridor_pit, uniq_amaemon,
          uniq_maurice
D:9:      layout_loops_ring, erik_lair_orcish_takeover
D:10:     nzn_motion_control, layout_loops_ring, erik_orc_3,
          kennysheep_pointless_box, grunt_decor_one_mirror, minmay_misc_feat_iff
D:11:     layout_gridville
D:12:     layout_irregular_city, serial_shops, nicolae_shop_hallway_stairs
D:13:     wad_woods_structure_01, layout_irregular_city,
          minmay_misc_feat_square, jiyva_altar_1
D:14:     layout_cave_pods, erik_vaults_2
D:15:     grunt_enter_depths_magical_seal, layout_basic, enter_trove_5,
          serial_glass, glass_columns_a, glass_columns_b, minmay_microvault
Lair:1:   layout_loops_ring, portal_ice_cave_entry_pillars_2,
          gauntlet_entry_generic, hibernation_bobbens, grunt_megastairs_2,
          infiniplex_staircase_pool_2, uniq_gastronok
Lair:2:   gammafunk_lair_enchanted_lake, layout_regular_city,
          spider_nest_entry_webs, uniq_erica
Lair:3:   layout_cave_pods, palyth_hydra_swamp_entry, basic_altar,
          gammafunk_ghost_hydra_chop, uniq_snorg
Lair:4:   layout_small_grid, slime_entry_2
Lair:5:   evil_forest, layout_long_grid, st_stairs_6
Swamp:1:  layout_falls_marsh, evilmike_swamp_ruin_house_1, uniq_roxanne
Spider:1: layout_spider_delve, hangedman_spider_tarantella_strand
Spider:2: layout_spider_delve
Spider:3: layout_spider_delve, uniq_arachne, uniq_mara, uniq_aizul, uniq_louise
Orc:1:    layout_caves, lemuel_statue_altar
Orc:2:    st_orc_ogre_mass, layout_caves, serial_shops, freezing_bzr,
          nicolae_specific_store, uniq_erolcha, uniq_urug

Skill      XL: |  1  2  3  4  5  6  7  8  9 10 11 12 13 14 15 16 17 |
---------------+----------------------------------------------------+-----
Axes           | 4 5 6 8 11 12 13 15 16 18 | 18.0
Fighting       | 4 7 9 11 13 15 17 19 20 | 20.7
Armour         | 4 6 8 10 11 12 14 16 | 16.0
Throwing       | 1 4 7 8 |  8.7
Shields        | 6 7 9 10 12 14 15 | 15.3
Dodging        | 3 5 6 8 9 10 | 10.0

Action                   |  1- 3 |  4- 6 |  7- 9 | 10-12 | 13-15 | 16-18 || total
-------------------------+-------+-------+-------+-------+-------+-------++-------
Melee: Hand axe          |    66 |    36 |       |    22 |    51 |     9 ||   184
       Headbutt          |     7 |    13 |    25 |    89 |   259 |   136 ||   529
       War axe           |       |    82 |   162 |   457 |   117 |       ||   818
       Punch             |       |     1 |     1 |       |       |       ||     2
       Broad axe         |       |       |       |       |   947 |   586 ||  1533
Throw: Boomerang         |       |    10 |    28 |    91 |   138 |       ||   267
       Javelin           |       |       |       |    47 |    49 |     2 ||    98
Invok: Berserk           |     2 |     7 |     8 |    26 |    35 |    14 ||    92
       Trog's Hand       |       |       |     1 |       |     8 |     5 ||    14
       Brothers in Arms  |       |       |       |     3 |     6 |     6 ||    15
  Use: Scroll            |     8 |     1 |     4 |    14 |     7 |    10 ||    44
       Potion            |     1 |     3 |     3 |     7 |     8 |    15 ||    37
 Stab: Petrified         |       |       |       |       |     4 |       ||     4
Armor: Animal skin       |     6 |     8 |       |       |       |       ||    14
       Chain mail        |       |    27 |    94 |    82 |   444 |   316 ||   963
       Plate armour      |       |       |    32 |   157 |       |       ||   189
Dodge: Dodged            |    34 |    56 |    85 |   170 |   619 |   420 ||  1384
Block: Buckler           |       |       |     3 |    89 |   296 |   139 ||   527
       Tower shield      |       |       |       |       |       |   217 ||   217

Table legend:
 A = Non-vault XP
 B = Vault XP
 C = Vault XP percentage of total XP
 D = Non-vault monster count
 E = Vault monster count
 F = Vault count percentage of total count
                 A         B        C        D         E       F
            +---------+---------+-------+---------+---------+-------
      Total |  152611 |   76005 |  33.2 |     679 |     231 |  25.4
            +---------+---------+-------+---------+---------+-------
        D:1 |      43 |       0 |   0.0 |      24 |       0 |   0.0
        D:2 |      45 |      43 |  48.9 |      11 |       5 |  31.2
        D:3 |     157 |      74 |  32.0 |      28 |       2 |   6.7
        D:4 |     274 |    1139 |  80.6 |      19 |      11 |  36.7
        D:5 |     900 |     492 |  35.3 |      21 |       7 |  25.0
        D:6 |     905 |       0 |   0.0 |      10 |       0 |   0.0
        D:7 |     796 |     169 |  17.5 |      11 |       2 |  15.4
        D:8 |    1738 |    1621 |  48.3 |      19 |       3 |  13.6
        D:9 |    1803 |     584 |  24.5 |      19 |       8 |  29.6
       D:10 |    3022 |    1955 |  39.3 |      21 |      19 |  47.5
       D:11 |    3663 |       0 |   0.0 |      19 |       0 |   0.0
       D:12 |    5270 |       0 |   0.0 |      20 |       0 |   0.0
       D:13 |    4205 |    5734 |  57.7 |      10 |      14 |  58.3
       D:14 |    8675 |    6936 |  44.4 |      29 |       8 |  21.6
       D:15 |    4169 |    5492 |  56.8 |       8 |      10 |  55.6
     Lair:1 |   10471 |    4436 |  29.8 |      49 |       8 |  14.0
     Lair:2 |    7029 |    2481 |  26.1 |      22 |       5 |  18.5
     Lair:3 |    4616 |    3880 |  45.7 |      21 |       9 |  30.0
     Lair:4 |    8784 |       0 |   0.0 |      24 |       0 |   0.0
     Lair:5 |   13840 |   11309 |  45.0 |      44 |      27 |  38.0
    Swamp:1 |    7145 |       0 |   0.0 |      11 |       0 |   0.0
   Spider:1 |   16458 |     277 |   1.7 |      53 |       1 |   1.9
   Spider:2 |   22654 |    1199 |   5.0 |      63 |       1 |   1.6
   Spider:3 |   15134 |    7707 |  33.7 |      41 |       3 |   6.8
      Orc:1 |    1131 |       0 |   0.0 |      13 |       0 |   0.0
      Orc:2 |    9684 |   15257 |  61.2 |      69 |      34 |  33.0
    Ossuary |       0 |     167 | 100.0 |       0 |      39 | 100.0
   Gauntlet |       0 |    5053 | 100.0 |       0 |      15 | 100.0
            +---------+---------+-------+---------+---------+-------
